 Dungeon Crawl Stone Soup version 0.31-a0-859-g9dce7d3444 (webtiles) character file.

Game seed: 685984388532246160

18375 Gargoyl the Cleaver (level 12, -1/109 HPs)
             Began as a Gargoyle Berserker on Oct 10, 2023.
             Was a Believer of Trog.
             Slain by Nattfarinn's ghost (8 damage)
             ... on level 11 of the Dungeon.
             The game lasted 00:14:38 (10842 turns).

Gargoyl the Cleaver (Gargoyle Berserker)           Turns: 10842, Time: 00:14:38

Health: -1/109     AC: 20    Str: 23    XL:     12   Next: 57%
Magic:  4/10       EV: 15    Int: 13    God:    Trog [**....]
Gold:   816        SH: 10    Dex: 13    Spells: 11/11 levels left

rFire   . . .        m - +2 war axe (flame)
rCold   . . .        o - +0 kite shield
rNeg    + + .        x - +5 robe of Night {Dark Will+ SInv}
rPois   ∞            v - +0 helmet
rElec   +            (no cloak)
rCorr   .            (no gloves)
SInv    +            u - +1 pair of boots "Kerch" {Harm rN+}
Will    +++..        (no amulet) Stlth
                     e - +6 ring of intelligence
HPRegen 1.38/turn    (no ring)
MPRegen 0.12/turn

%: harm (+30% outgoing, +20% incoming)
@: mighty, berserking (expiring), strong-willed, regenerating, studying Dodging,
very quick
A: sickness immunity, AC +8, negative energy resistance 1, electricity
resistance, torment resistance 1, petrification resistance, low MP 1
a: Renounce Religion, Berserk, Trog's Hand


You were on level 11 of the Dungeon.
You worshipped Trog.
Trog was pleased with you.
You visited 1 branch of the dungeon, and saw 11 of its levels.

You collected 816 gold pieces.

Inventory:

Hand Weapons
 i - a +3 flail of holy wrath
 m - a +2 war axe of flaming (weapon)
 w - a +1 heavy hand axe
Missiles
 h - 11 poisoned darts (quivered)
 j - 5 throwing nets
Armour
 c - a +0 pair of boots
 o - a +0 kite shield (worn)
 q - +0 steam dragon scales
 u - the +1 pair of boots "Kerch" (worn) {Harm rN+}
   (You found it on level 7 of the Dungeon)

   rN+:       It protects you from negative energy.
   Harm:      It increases damage dealt and taken.
 v - a +0 helmet (worn)
 x - the +5 robe of Night (worn) {Dark Will+ SInv}
   (You found it on level 8 of the Dungeon)

   Dark:      It shrouds the wearer in darkness, reducing the range at which
   they can see and be seen by others.
   Will+:     It increases your willpower.
   SInv:      It lets you see invisible.
Jewellery
 e - a +6 ring of intelligence (left hand)
 s - a ring of protection from fire
Wands
 k - a wand of polymorph (12)
 p - a wand of digging (5)
 y - a wand of flame (9)
 E - a wand of mindburst (10)
Scrolls
 a - 3 scrolls of teleportation
 l - 2 scrolls of immolation
 n - 4 scrolls of identify
Potions
 b - 3 potions of heal wounds
 d - 3 potions of berserk rage
 f - a potion of lignification
 g - 3 potions of curing
 r - a potion of attraction
 t - a potion of magic
 A - a potion of mutation {unknown}
 B - a potion of haste {unknown}
 C - a potion of brilliance {unknown}


   Skills:
 + Level 8.0 Fighting
 + Level 11.3 Axes
 + Level 0.4 Throwing
 * Level 9.8 Armour
 * Level 10.5 Dodging
 + Level 4.8 Stealth
 * Level 8.0 Shields
 + Level 0.1 Unarmed Combat


You had 11 spell levels left.
You didn't know any spells.
Your spell library was empty.

Dungeon Overview and Level Annotations

Branches:
Dungeon (11/15)            Temple (0/1) D:7            Lair (0/5) D:10
    Orc (0/2) D:11

Altars:
Dithmenos
Nemelex Xobeh
Qazlal
Vehumet

Shops:
D:10 :

Annotations:
D:11 exclusion: orange crystal statue, Nattfarinn's ghost, journeyman FoSh


Innate Abilities, Weirdness & Mutations

You are immune to sickness and miasma.
Your stone body is resilient. (AC +8)
You are immune to poison.
You resist negative energy. (rN+)
You are resistant to electric shocks. (rElec)
You are resistant to unholy torment.
You are immune to petrification.
Your magical capacity is low. (-10% MP)


Message History

The nine-headed hydra bites you but does no damage.
You block the nine-headed hydra's attack.
The nine-headed hydra bites you but does no damage.
The nine-headed hydra bites you. The nine-headed hydra bites you! x2
* * * LOW HITPOINT WARNING * * *
You block the nine-headed hydra's attack.
The nine-headed hydra completely misses you.
The six-headed hydra misses you. The six-headed hydra bites you!
* * * LOW HITPOINT WARNING * * *
You block the six-headed hydra's attack.
The six-headed hydra bites you but does no damage.
The six-headed hydra bites you!
* * * LOW HITPOINT WARNING * * *
The six-headed hydra bites you.
* * * LOW HITPOINT WARNING * * *
You hack one of the six-headed hydra's heads off!
The flame cauterises the wound!
You slash the five-headed hydra! You burn the five-headed hydra.
You kill the five-headed hydra!
Trog accepts your kill.
You slash Nattfarinn's ghost! You burn Nattfarinn's ghost.
You barely miss the nine-headed hydra. You block Nattfarinn's ghost's attack.
Your Shields skill increases to level 8!
You chop one of the nine-headed hydra's heads off!
The flame cauterises the wound!
You slash the eight-headed hydra! You burn the eight-headed hydra.
The eight-headed hydra is heavily wounded.
You hit Nattfarinn's ghost. You burn Nattfarinn's ghost.
The eight-headed hydra bites you.
* * * LOW HITPOINT WARNING * * *
You block the eight-headed hydra's attack.
The eight-headed hydra bites you but does no damage.
The eight-headed hydra barely misses you.
The eight-headed hydra bites you.
* * * LOW HITPOINT WARNING * * *
The eight-headed hydra misses you.
You block the eight-headed hydra's attack.
The eight-headed hydra bites you but does no damage.
Nattfarinn's ghost hits you!
You die...

##....#####.#
###.....##
##.##.##....# #####..#
.........#### ##.#
....#.#### #.# ..###.#
###### #.# #.# #.#
#.##.♣~ #.# ..###.##
#.#.... ###
.......#########.W....
....#...........@D..).
..#.#.#####......†...=
..#...#..........#....
.##..............##..♣
....#.#...........####
..###.#####..........#
....#.###............#
..#...#...##...#######
.###.....##..###


You could see an eight-headed hydra and Nattfarinn's ghost.

Vanquished Creatures
  A hydra (D:11)
  Harold (D:11)
  2 two-headed ogres
  4 skeletal warriors
  Pikel (D:7)
  2 ugly things (D:11)
  A cyclops (D:11)
  An unseen horror (D:11)
  Maggie (D:6)
  A rime drake (D:10)
  A kobold demonologist (D:10)
  A troll (D:10)
  3 hornets
  6 dream sheep (D:8)
  2 shadows (D:8)
  2 vampires
  A spriggan (D:7)
  Sigmund (D:4)
  2 wraiths (D:10)
  13 yaks
  Eustachio (D:5)
  2 wyverns
  2 steam dragons
  Edmund (D:4)
  A water moccasin (D:7)
  9 ice beasts
  3 black bears
  5 orc warriors
  A sky beast (D:7)
  An ogre (D:4)
  4 wolves (D:10)
  2 centaurs (D:10)
  2 lemures (D:7)
  4 phantoms
  2 bullfrogs
  3 scorpions
  15 wights
  9 killer bees
  A howler monkey (D:9)
  6 hounds
  A gnoll bouda (D:7)
  A jelly (D:5)
  6 orc priests
  3 iguanas
  12 orc wizards
  A sleepcap (D:5)
  12 gnolls
  10 adders
  A shadow imp (D:6)
  A white imp (D:8)
  An ufetubus (D:5)
  A worm (D:2)
  2 dart slugs
  42 orcs
  11 endoplasms
  A giant cockroach (D:4)
  6 goblins
  11 hobgoblins
  4 quokkas
  7 ball pythons
  6 bats
  4 frilled lizards
  4 kobolds
  4 rats
273 creatures vanquished.

Notes
Turn   | Place    | Note
-------+----------+-------------------------------------------
     0 | D:1      | Gargoyl the Gargoyle Berserker began the quest for the Orb.
     0 | D:1      | Reached XP level 1. HP: 14/14 MP: 1/1
    94 | D:1      | Reached XP level 2. HP: 19/19 MP: 2/2
   251 | D:1      | Reached skill level 3 in Axes
   474 | D:1      | Found a faded altar of an unknown god.
   534 | D:1      | Reached XP level 3. HP: 24/24 MP: 3/3
   855 | D:2      | Reached XP level 4. HP: 27/29 MP: 4/4
  1043 | D:2      | Reached ** piety under Trog
  1559 | D:3      | Reached XP level 5. HP: 16/33 MP: 5/5
  1950 | D:3      | Reached skill level 4 in Axes
  1955 | D:3      | Reached XP level 6. HP: 38/38 MP: 6/6
  2016 | D:3      | Reached skill level 1 in Stealth
  2788 | D:4      | Reached XP level 7. HP: 44/44 MP: 7/7
  2818 | D:4      | Reached skill level 5 in Axes
  3323 | D:4      | Noticed Sigmund
  3329 | D:4      | Killed Sigmund
  3330 | D:4      | Reached XP level 8. HP: 48/48 MP: 8/8
  3339 | D:4      | Noticed Edmund
  3357 | D:4      | Killed Edmund
  3358 | D:4      | Reached skill level 6 in Axes
  3358 | D:4      | Reached skill level 5 in Armour
  3482 | D:5      | Entered Level 5 of the Dungeon
  3564 | D:5      | Reached skill level 5 in Fighting
  3830 | D:5      | Identified a scroll of acquirement
  3830 | D:5      | Acquired a manual of Dodging
  3905 | D:5      | Noticed Eustachio
  3930 | D:5      | Killed Eustachio
  3931 | D:5      | Reached XP level 9. HP: 54/54 MP: 9/9
  4015 | D:5      | Reached skill level 7 in Axes
  4517 | D:6      | Noticed Maggie
  4550 | D:6      | Killed Maggie
  4551 | D:6      | Reached skill level 1 in Shields
  4776 | D:6      | Found a shadowy altar of Dithmenos.
  4776 | D:6      | Found a radiant altar of Vehumet.
  5171 | D:6      | Reached skill level 5 in Dodging
  5665 | D:7      | Noticed Pikel
  5674 | D:7      | Killed Pikel
  5774 | D:7      | Noticed a hornet
  5781 | D:7      | Killed a hornet
  5789 | D:7      | Reached skill level 8 in Axes
  5789 | D:7      | Reached XP level 10. HP: 60/60 MP: 10/10
  5794 | D:7      | Identified the +1 pair of boots "Kerch" {Harm rN+}
  6154 | D:7      | Found a staircase to the Ecumenical Temple.
  6271 | D:7      | Found a sparkling altar of Nemelex Xobeh.
  6880 | D:8      | Reached skill level 9 in Axes
  6890 | D:8      | Found the +5 robe of Night {Dark Will+ SInv}
  7161 | D:8      | Reached *** piety under Trog
  7269 | D:8      | Reached XP level 11. HP: 66/66 MP: 11/11
  7290 | D:8      | Reached skill level 5 in Shields
  7984 | D:9      | Noticed a two-headed ogre
  7991 | D:9      | Killed a two-headed ogre
  8794 | D:10     | Entered Level 10 of the Dungeon
  8876 | D:10     | Noticed a two-headed ogre
  8882 | D:10     | Killed a two-headed ogre
  8883 | D:10     | Reached skill level 10 in Axes
  9035 | D:10     | Found a staircase to the Lair.
  9164 | D:10     | Gained mutation: Your magical capacity is low. (-10% MP) [a
                  | neqoxec]
  9416 | D:10     | Found Ufips's Book Shoppe.
  9466 | D:10     | Found a stormy altar of Qazlal.
  9548 | D:11     | Found a staircase to the Orcish Mines.
  9566 | D:11     | Noticed a skeletal warrior
  9575 | D:11     | Noticed a purple ugly thing
  9606 | D:11     | Noticed a skeletal warrior
  9609 | D:11     | Noticed a skeletal warrior
  9612 | D:11     | Killed a purple ugly thing
  9613 | D:11     | Reached XP level 12. HP: 72/72 MP: 10/10
  9912 | D:11     | Reached skill level 10 in Dodging
  9930 | D:11     | Reached skill level 11 in Axes
 10037 | D:11     | Noticed Harold
 10047 | D:11     | Killed Harold
 10197 | D:11     | Found a runed translucent gate.
 10293 | D:11     | Found a runed translucent gate.
 10293 | D:11     | Noticed a ten-headed hydra
 10295 | D:11     | Found a runed translucent gate.
 10295 | D:11     | Noticed Nattfarinn's ghost (journeyman FoSh)
 10295 | D:11     | Noticed a nine-headed hydra
 10841 | D:11     | Killed a five-headed hydra
 10842 | D:11     | Slain by Nattfarinn's ghost

Illustrated notes

Levels and vault maps discovered:
D:1:      dpeg_arrival_stonehenge_8_columns, layout_loops_ring,
          hellmonk_ecumenical_altar_crossroads, nicolae_figureground_sparkle
D:2:      minmay_angry_zag, layout_loops_ring, minmay_misc_feat_iff
D:3:      layout_basic, serial_corexii_hall, corexii_hall_statues_x,
          corexii_hall_statues_x
D:4:      layout_rooms, sigmund_edmund_badplayer
D:5:      layout_basic, uniq_eustachio
D:6:      layout_loops_corners, gammafunk_temple_overflow_statue, uniq_maggie
D:7:      layout_rooms, nemelex_spade_bored_becter,
          minmay_temple_entry_nine_rooms, roderic_roman_lattice, the_hattery,
          uniq_pikel
D:8:      layout_loops_ring, chequers_serial_rivers_small_b,
          hellmonk_guarded_unrand_night
D:9:      layout_grid_maze
D:10:     layout_roguey, nicolae_qazlal_general_emergency,
          hellmonk_lair_entry_icy, serial_shops, shop
D:11:     layout_rooms, david_orc_2, gammafunk_ghost_hydra_chop,
          disabler_island, uniq_harold

Skill      XL: |  1  2  3  4  5  6  7  8  9 10 11 12 |
---------------+-------------------------------------+-----
Axes           | 3 4 5 6 8 9 10 11 | 11.3
Dodging        | 2 3 4 6 8 9 10 | 10.5
Armour         | 3 4 6 7 8 9 |  9.8
Fighting       | 4 5 6 7 8 |  8.0
Stealth        | 1 3 4 |  4.8
Shields        | 3 4 7 8 |  8.0
Throwing       | |  0.4
Unarmed Combat | |  0.1

Action                     |  1- 3 |  4- 6 |  7- 9 | 10-12 || total
---------------------------+-------+-------+-------+-------++-------
  Melee: Hand axe          |   105 |   189 |   243 |       ||   537
         Punch             |       |     2 |     3 |       ||     5
         Unarmed           |       |       |     5 |       ||     5
         War axe           |       |       |    80 |   370 ||   450
  Throw: Dart              |       |     2 |       |     1 ||     3
 Invoke: Berserk           |     2 |     4 |    12 |    14 ||    32
         Trog's Hand       |       |     4 |     8 |    11 ||    23
    Use: Scroll            |     1 |     4 |     6 |     5 ||    16
         Potion            |       |     4 |     3 |     1 ||     8
   Stab: Sleeping          |       |       |     1 |     8 ||     9
 Armour: Animal skin       |    28 |       |       |       ||    28
         Ring mail         |    46 |   151 |   167 |       ||   364
         Skin              |       |    51 |     7 |       ||    58
         Steam dragon scal |       |       |    52 |    67 ||   119
         Robe              |       |       |       |   209 ||   209
  Dodge: Dodged            |    75 |    98 |   166 |   231 ||   570
  Block: Kite shield       |       |       |    37 |   208 ||   245

Table legend: (Time is in decaauts)
 A = Elapsed time spent in this place.
 B = Non-inter-level travel time spent in this place.
 C = Inter-level travel time spent in this place.
 D = Time resting spent in this place.
 E = Time spent auto-exploring this place.
 F = Levels seen in this place.
 G = Mean time per level.
                   A        B        C        D        E       F      G
               +--------+--------+--------+--------+--------+-----+--------+
         Total |  11201 |  10945 |    256 |    645 |   7753 |  11 | 1018.3 |
       Dungeon |  11201 |  10945 |    256 |    645 |   7753 |  11 | 1018.3 |
               +--------+--------+--------+--------+--------+-----+--------+

Top non-repeatable levels by time:
     D:9: 1401 daAuts
     D:6: 1312 daAuts
    D:11: 1208 daAuts
     D:3: 1090 daAuts
     D:8: 1040 daAuts
     D:4: 958 daAuts
    D:10: 925 daAuts
     D:5: 917 daAuts
     D:2: 875 daAuts
     D:7: 798 daAuts
     D:1: 672 daAuts
